 Dungeon Crawl Stone Soup version 0.31-a0-538-gbc85326fa9 (webtiles) character file.

Game seed: 13324291198200461082

370 dialectric the Covered (level 6, -5/55 HPs)
             Began as a Minotaur Fighter on Aug 13, 2023.
             Splashed by a jelly's acid (10 damage)
             ... on level 5 of the Dungeon.
             The game lasted 00:03:00 (2503 turns).

dialectric the Covered (Minotaur Fighter)           Turns: 2503, Time: 00:03:00

Health: -5/55      AC: -3    Str: 21    XL:     6   Next: 42%
Magic:  5/5        EV: 10    Int:  5    God:
Gold:   215        SH:  7    Dex: 11    Spells: 5/5 levels left

rFire   . . .        a - +0 long sword
rCold   . . .        m - +2 buckler
rNeg    . . .        b - +0 scale mail
rPois   .            (helmet restricted)
rElec   .            (no cloak)
rCorr   .            g - +0 pair of gloves
SInv    .            (no boots)
Will    .....        (no amulet) Stlth
                     (no ring)
HPRegen 0.29/turn    (no ring)
MPRegen 0.09/turn

%: no passive effects
@: corroded
A: horns 2, retaliatory headbutt
a: no special abilities


You were on level 5 of the Dungeon.
You visited 1 branch of the dungeon, and saw 6 of its levels.

You collected 215 gold pieces.

Inventory:

Hand Weapons
 a - a +0 long sword (weapon)
Armour
 b - a +0 scale mail (worn)
 c - a +0 buckler
 g - a +0 pair of gloves (worn)
 j - a +0 chain mail
 m - a +2 buckler (worn)
Jewellery
 x - a ring of fire
Scrolls
 f - a scroll of vulnerability {unknown}
 h - 2 scrolls of amnesia {unknown}
 l - a scroll of poison {unknown}
 n - 2 scrolls of revelation {unknown}
 o - a scroll of immolation {unknown}
 t - 2 scrolls of fear {unknown}
 u - a scroll of noise {unknown}
 w - a scroll of identify {unknown}
Potions
 e - a potion of heal wounds {unknown}
 i - a potion of magic {unknown}
 k - a potion of brilliance {unknown}
 p - 5 potions of mutation {unknown}
 q - a potion of enlightenment {unknown}
 r - a potion of curing {unknown}
 s - 2 potions of cancellation {unknown}
 v - a potion of attraction {unknown}
 z - a potion of haste {unknown}


   Skills:
 + Level 4.9 Fighting
 + Level 5.1 Long Blades
 + Level 5.2 Armour
 * Level 2.4 Dodging
 + Level 4.5 Shields


You had 5 spell levels left.
You didn't know any spells.
Your spell library contained the following spells:

 Spells                   Type           Power      Damage    Failure   Level
 Kiss of Death            Conj/Necr      0%         2d5       86%         1
 Blink                    Tloc           0%         N/A       95%         2
 Confusing Touch          Hex            0%         N/A       99%         3
 Dispel Undead            Necr           0%         3d6       100%        4
 Manifold Assault         Tloc           0%         N/A       100%        4


Dungeon Overview and Level Annotations

Branches:
Dungeon (6/15)             Temple (0/1) D:5

Altars:
Ru


Innate Abilities, Weirdness & Mutations

You have a pair of horns on your head.
You reflexively headbutt those who attack you in melee.


Message History

The jelly quivers.
A jelly is nearby!
The jelly hits you but does no damage.
A jelly is nearby!
You hit the jelly. The acid corrodes you!
Your hands burn!
The jelly is lightly wounded.
The jelly completely misses you.
You hit the jelly but do no damage. The acid corrodes you!
Your hands burn!
The jelly is lightly wounded.
The jelly hits you.
You are splashed with acid!
You hit the jelly. The acid corrodes you!
Your hands burn!
The jelly is moderately wounded.
The jelly barely misses you. You block the jelly's attack.
You hit the jelly but do no damage.
Your hands burn!
The jelly is moderately wounded.
The jelly hits you.
You are splashed with acid!
You are too injured to fight recklessly!
You hit the jelly but do no damage.
Your hands burn!
The jelly is moderately wounded.
You block the jelly's attack.
You slash the jelly!
Your hands burn!
* * * LOW HITPOINT WARNING * * *
You headbutt the jelly, but do no damage.
The jelly is almost dead.
You block the jelly's attack.
Unknown command.
The jelly attacks as you move away! The jelly hits you.
* * * LOW HITPOINT WARNING * * *
You are splashed with acid!
* * * LOW HITPOINT WARNING * * *
Unknown command.
Okay, then.
The jelly attacks as you move away! The jelly closely misses you.
The jelly attacks as you move away! The jelly closely misses you.
You aren't carrying any items that you can evoke.
Unknown command.
The jelly attacks as you move away! The jelly hits you.
* * * LOW HITPOINT WARNING * * *
You are splashed with acid!
You die...

#.##)....###.
#.#.###.# #.##..####
#.#.###.# ..).[.#
#.......# ####.####
###.##### ###... #.#
#..## #.#
#...######## #.#
#........J.# #.#
#...######@#######.#
#..## #.........#
#.# ########### ##


You could see a jelly.

Vanquished Creatures
  Edmund (D:4)
  A scorpion (D:4)
  An orc priest (D:5)
  An iguana (D:4)
  An orc wizard (D:5)
  4 adders
  3 worms
  2 dart slugs
  4 orcs
  4 endoplasms
  2 giant cockroaches
  4 goblins
  6 hobgoblins
  4 jackals (D:2)
  4 kobolds
  A quokka (D:1)
  6 ball pythons
  4 bats
  4 frilled lizards
  5 rats
62 creatures vanquished.

Notes
Turn   | Place    | Note
-------+----------+-------------------------------------------
     0 | D:1      | dialectric the Minotaur Fighter began the quest for the
                  | Orb.
     0 | D:1      | Reached XP level 1. HP: 19/19 MP: 0/0
   153 | D:1      | Reached XP level 2. HP: 27/27 MP: 1/1
   178 | D:1      | Found a faded altar of an unknown god.
   839 | D:2      | Found a sacrificial altar of Ru.
   845 | D:2      | Reached XP level 3. HP: 29/34 MP: 2/2
  1448 | D:2      | Reached XP level 4. HP: 37/41 MP: 3/3
  2162 | D:4      | Noticed a scorpion
  2163 | D:4      | Killed a scorpion
  2164 | D:4      | Reached skill level 1 in Dodging
  2164 | D:4      | Reached XP level 5. HP: 47/47 MP: 4/4
  2312 | D:4      | Noticed Edmund
  2322 | D:4      | Killed Edmund
  2323 | D:4      | Reached skill level 5 in Armour
  2323 | D:4      | Reached XP level 6. HP: 33/55 MP: 5/5
  2330 | D:5      | Entered Level 5 of the Dungeon
  2348 | D:5      | Reached skill level 5 in Long Blades
  2414 | D:5      | Found a staircase to the Ecumenical Temple.
  2503 | D:5      | Splashed by a jelly's acid

Illustrated notes

Levels and vault maps discovered:
D:1:      dpeg_arrival_brainrot, layout_loops_ring,
          hellmonk_ecumenical_altar_pennies_from_heaven, skrybe_limestone_x,
          corexii_item_surrounded_by_moat
D:2:      layout_loops_ring, basic_altar, hangedman_decor_points,
          minmay_misc_feat_x
D:3:      layout_loops_ring
D:4:      kennysheep_big_flooded_room, layout_basic, makhleb_altar_promises_db,
          okawaru_altar_gauntlet_db, nicolae_ru_great_annihilating_truth,
          uniq_edmund
D:5:      minmay_octagon_keep, layout_loops_cross,
          nicolae_overflow_crystal_walls, minmay_temple_entry_hall,
          serial_bayou_pond_c, minmay_shop_damaged,
          amcnicky_mini_corridor_feature
D:6:      kennysheep_housing_project, layout_basic, nicolae_figureground_pulse

Skill      XL: |  1  2  3  4  5  6 |
---------------+-------------------+-----
Fighting       | 4 |  4.9
Armour         | 4 5 |  5.2
Shields        | 4 |  4.5
Long Blades    | 3 4 5 |  5.1
Dodging        | 1 2 |  2.4

Action                     |  1- 3 |  4- 6 || total
---------------------------+-------+-------++-------
  Melee: Long sword        |    80 |    57 ||   137
         Punch             |     1 |       ||     1
         Headbutt          |     6 |    14 ||    20
    Use: Potion            |       |     1 ||     1
 Armour: Scale mail        |    43 |    22 ||    65
  Dodge: Dodged            |    38 |    17 ||    55
  Block: Buckler           |    16 |    18 ||    34

Table legend: (Time is in decaauts)
 A = Elapsed time spent in this place.
 B = Non-inter-level travel time spent in this place.
 C = Inter-level travel time spent in this place.
 D = Time resting spent in this place.
 E = Time spent auto-exploring this place.
 F = Levels seen in this place.
 G = Mean time per level.
                   A        B        C        D        E       F      G
               +--------+--------+--------+--------+--------+-----+--------+
         Total |   2542 |   2493 |     49 |      0 |   1987 |   6 |  423.7 |
       Dungeon |   2542 |   2493 |     49 |      0 |   1987 |   6 |  423.7 |
               +--------+--------+--------+--------+--------+-----+--------+

Top non-repeatable levels by time:
     D:1: 833 daAuts
     D:2: 759 daAuts
     D:3: 600 daAuts
     D:4: 171 daAuts
     D:5: 161 daAuts
     D:6: 16 daAuts
